Workbook

Sheet Склад автомобилей
A1: № | B1: Дата поступления | C1: Марка, модель | D1: Год | E1: VIN | F1: Пробег, км | G1: Источник | H1: Закупка, ₽ | I1: Доставка и оформление, ₽ | J1: Ремонт, ₽ | K1: Подготовка, ₽ | L1: Себестоимость, ₽ | M1: Цена в объявлении, ₽ | N1: Плановая маржа, ₽ | O1: Статус | P1: Дата продажи | Q1: Дней на складе | R1: Цена продажи, ₽ | S1: Фактическая маржа, ₽ | T1: Ответственный
A2: 1 | B2: 46267 | C2: Kia Rio (пример) | D2: 2020 | E2: Z94C241BBLR000001 | F2: 78000 | G2: Выкуп | H2: 980000 | I2: 6000 | J2: 35000 | K2: 12000 | L2: =IF(H2="","",SUM(H2:K2)) | M2: 1190000 | N2: =IF(M2="","",M2-L2) | O2: В продаже | Q2: =IF(B2="","",IF(P2="",TODAY()-B2,P2-B2)) | S2: =IF(R2="","",R2-L2) | T2: Иванов
A3: 2 | B3: 46275 | C3: Haval Jolion (пример) | D3: 2022 | E3: XZGFF04A0NA000002 | F3: 41000 | G3: Trade-in | H3: 1530000 | I3: 3000 | J3: 0 | K3: 18000 | L3: =IF(H3="","",SUM(H3:K3)) | M3: 1790000 | N3: =IF(M3="","",M3-L3) | O3: Продан | P3: 46296 | Q3: =IF(B3="","",IF(P3="",TODAY()-B3,P3-B3)) | R3: 1760000 | S3: =IF(R3="","",R3-L3) | T3: Петров
A4: 3 | B4: 46286 | C4: Toyota Camry (пример) | D4: 2018 | E4: XW7BF4FK10S000003 | F4: 126000 | G4: Комиссия | H4: 0 | I4: 0 | J4: 0 | K4: 9000 | L4: =IF(H4="","",SUM(H4:K4)) | M4: 2250000 | N4: =IF(M4="","",M4-L4) | O4: В подготовке | Q4: =IF(B4="","",IF(P4="",TODAY()-B4,P4-B4)) | S4: =IF(R4="","",R4-L4) | T4: Иванов
L5: =IF(H5="","",SUM(H5:K5)) | N5: =IF(M5="","",M5-L5) | Q5: =IF(B5="","",IF(P5="",TODAY()-B5,P5-B5)) | S5: =IF(R5="","",R5-L5)
L6: =IF(H6="","",SUM(H6:K6)) | N6: =IF(M6="","",M6-L6) | Q6: =IF(B6="","",IF(P6="",TODAY()-B6,P6-B6)) | S6: =IF(R6="","",R6-L6)
L7: =IF(H7="","",SUM(H7:K7)) | N7: =IF(M7="","",M7-L7) | Q7: =IF(B7="","",IF(P7="",TODAY()-B7,P7-B7)) | S7: =IF(R7="","",R7-L7)
L8: =IF(H8="","",SUM(H8:K8)) | N8: =IF(M8="","",M8-L8) | Q8: =IF(B8="","",IF(P8="",TODAY()-B8,P8-B8)) | S8: =IF(R8="","",R8-L8)
L9: =IF(H9="","",SUM(H9:K9)) | N9: =IF(M9="","",M9-L9) | Q9: =IF(B9="","",IF(P9="",TODAY()-B9,P9-B9)) | S9: =IF(R9="","",R9-L9)
L10: =IF(H10="","",SUM(H10:K10)) | N10: =IF(M10="","",M10-L10) | Q10: =IF(B10="","",IF(P10="",TODAY()-B10,P10-B10)) | S10: =IF(R10="","",R10-L10)
L11: =IF(H11="","",SUM(H11:K11)) | N11: =IF(M11="","",M11-L11) | Q11: =IF(B11="","",IF(P11="",TODAY()-B11,P11-B11)) | S11: =IF(R11="","",R11-L11)
L12: =IF(H12="","",SUM(H12:K12)) | N12: =IF(M12="","",M12-L12) | Q12: =IF(B12="","",IF(P12="",TODAY()-B12,P12-B12)) | S12: =IF(R12="","",R12-L12)
L13: =IF(H13="","",SUM(H13:K13)) | N13: =IF(M13="","",M13-L13) | Q13: =IF(B13="","",IF(P13="",TODAY()-B13,P13-B13)) | S13: =IF(R13="","",R13-L13)
L14: =IF(H14="","",SUM(H14:K14)) | N14: =IF(M14="","",M14-L14) | Q14: =IF(B14="","",IF(P14="",TODAY()-B14,P14-B14)) | S14: =IF(R14="","",R14-L14)
L15: =IF(H15="","",SUM(H15:K15)) | N15: =IF(M15="","",M15-L15) | Q15: =IF(B15="","",IF(P15="",TODAY()-B15,P15-B15)) | S15: =IF(R15="","",R15-L15)
L16: =IF(H16="","",SUM(H16:K16)) | N16: =IF(M16="","",M16-L16) | Q16: =IF(B16="","",IF(P16="",TODAY()-B16,P16-B16)) | S16: =IF(R16="","",R16-L16)
... L300: =IF(H300="","",SUM(H300:K300)) | N300: =IF(M300="","",M300-L300) | Q300: =IF(B300="","",IF(P300="",TODAY()-B300,P300-B300)) | S300: =IF(R300="","",R300-L300)

Sheet Сводка
A1: Склад автомобилей: сводка
A3: Машин на складе (не продано) | B3: =COUNTA('Склад автомобилей'!C2:C500)-COUNTIF('Склад автомобилей'!O2:O500,"Продан")
A4: Деньги в складе по себестоимости, ₽ | B4: =SUMIF('Склад автомобилей'!O2:O500,"<>Продан",'Склад автомобилей'!L2:L500)
A5: Средний срок на складе непроданных, дней | B5: =IFERROR(AVERAGEIF('Склад автомобилей'!O2:O500,"<>Продан",'Склад автомобилей'!Q2:Q500),0)
A6: Продано машин | B6: =COUNTIF('Склад автомобилей'!O2:O500,"Продан")
A7: Фактическая маржа по проданным, ₽ | B7: =SUM('Склад автомобилей'!S2:S500)
A8: Машин дольше 60 дней | B8: =COUNTIFS('Склад автомобилей'!O2:O500,"<>Продан",'Склад автомобилей'!Q2:Q500,">60")
A11: Строки с пометкой «пример» удалите. Шаблон A777AA — a777aa.ru/instrumenty/
